 Dungeon Sprint DCSS version 0.30.1-9-gdf580d7c3d (webtiles) character file.

Game seed: 13569601821620877806

10766 Heoruswealwe the Phalangite (level 11, -5/117 HPs)
             Began as a Minotaur Fighter on Oct 12, 2023.
             Was an Initiate of Gozag.
             Slain by an orc knight
             ... wielding a +0 great sword
              (25 damage)
             ... in the Dungeon (Sprint IX: "|||||||||||||||||||||||||||||").
             The game lasted 00:09:48 (1804 turns).

Heoruswealwe the Phalangite (Minotaur Fighter)      Turns: 1804, Time: 00:09:49

Health: -5/117     AC: 20    Str: 26    XL:     11   Next: 40%
Magic:  10/10      EV:  9    Int:  5    God:    Gozag
Gold:   5209       SH:  0    Dex:  9    Spells: 10/10 levels left

rFire   . . .        b - +2 halberd (venom)
rCold   . . .        (shield currently unavailable)
rNeg    . . .        c - +1 chain mail
rPois   .            (helmet restricted)
rElec   .            h - +0 cloak
rCorr   .            f - +0 pair of gloves
SInv    .            e - +0 pair of boots
Will    .....        (no amulet) Stlth
                     (no ring)
HPRegen 0.39/turn    (no ring)
MPRegen 0.12/turn

%: no teleportation
@: gold aura
A: horns 2, retaliatory headbutt
a: Renounce Religion, Potion Petition, Call Merchant, Bribe Branch


You were in the Dungeon.
You worshipped Gozag.
Gozag was greatly pleased with you.
You visited 1 branch You collected 5209 gold pieces.

Inventory:

Hand Weapons
 a - a +0 trident
 b - a +2 halberd of venom (weapon)
Armour
 c - a +1 chain mail (worn)
 d - a +0 buckler
 e - a +0 pair of boots (worn)
 f - a +0 pair of gloves (worn)
 h - a +0 cloak (worn)
Wands
 o - a wand of light (10)
Scrolls
 j - 2 scrolls of blinking
 l - a scroll of enchant weapon
 m - 4 scrolls of enchant armour
 n - a scroll of identify
Potions
 g - 2 potions of haste
 i - a potion of berserk rage
 k - 5 potions of might
 p - a potion of heal wounds


   Skills:
 + Level 17.3 Fighting
 * Level 23.2 Polearms
 + Level 17.3 Armour
 - Level 3.6 Shields


You had 10 spell levels left.
You didn't know any spells.
Your spell library contained the following spells:

 Spells                   Type           Power      Damage    Failure   Level
 Frozen Ramparts          Ice            0%         1d1       99%         3
 Ice Form                 Ice/Tmut       0%         N/A       100%        4
 Summon Ice Beast         Ice/Summ       0%         N/A       100%        4


Dungeon Overview and Level Annotations

Branches:
Dungeon (1/1)

Altars:
Cheibriados
Dithmenos
Elyvilon
Fedhas
Gozag
Hepliaklqana
Kikubaaqudgha
Makhleb
Nemelex Xobeh
Okawaru
Qazlal
Ru
Sif Muna
Trog
Uskayaw
Vehumet
Wu Jian
Xom
Yredelemnul
Zin
The Shining One
Jiyva
Lugonu


Innate Abilities, Weirdness & Mutations

You have a pair of horns on your head.
You reflexively headbutt those who attack you in melee.


Message History

You headbutt the orc warrior, but do no damage.
The orc warrior is lightly wounded.
The orc warrior closely misses you. You furiously retaliate!
You headbutt the orc warrior!
The orc warrior hits you from afar with a +0 trident!
The orc knight roars a battlecry!
You barely miss the orc warrior.
You headbutt the orc warrior, but do no damage.
The orc warrior is severely wounded.
You hit the orc warrior but do no damage.
The orc warrior looks as sick as possible!
Your headbutt misses the orc warrior.
The orc warrior is severely wounded.
The orc warrior hits you with a +0 scimitar!
The orc warrior closely misses you.
You completely miss the orc warrior. You headbutt the orc warrior!
You kill the orc warrior!
The orc warrior no longer looks unusually strong.
The orc knight no longer looks unusually strong.
The orc warrior is distracted by your dazzling golden aura.
The orc warrior is no longer distracted by gold.
The orc warrior hits you with a +0 trident.
* * * LOW HITPOINT WARNING * * *
Items here: $ )) [[.
You slash the orc warrior!
The orc warrior is moderately wounded.
The orc warrior hits you with a +0 trident!
* * * LOW HITPOINT WARNING * * *
The orc knight roars a battlecry!
The orc warrior goes into a battle-frenzy!
You hit the orc warrior.
The orc warrior is poisoned.
Your headbutt misses the orc warrior.
The orc warrior is heavily wounded.
You puncture the orc warrior!
You kill the orc warrior!
You slash the orc knight!
The orc knight is lightly wounded.
The orc knight hits you with a +0 great sword!!
You die...
Your body crumbles into a pile of gold.

$▓.▓.▓.▓_▓
▓.▓.▓.▓.▓_▓
▓.▓.▓.▓.▓_▓
▓.▓.▓.▓.▓_▓
▓$▓.▓.▓.▓_▓
▓o▓.▓.▓.▓_▓
▓o▓.▓'▓.▓_▓
▓o▓.▓.▓.▓_▓
▓@▓.▓.▓.▓_▓
▓$▓.▓.▓.▓_▓
▓$▓.▓.▓.▓_▓
▓.▓.▓.▓.▓_▓
▓.▓.▓.▓.▓_▓
▓.▓.▓.▓.▓_▓
▓)▓.▓.▓.▓_▓
▓.▓.▓.▓.▓_▓
▓)▓.▓'▓.▓_▓


You could see an orc knight and 2 orc warriors.

Vanquished Creatures
  Erolcha (D)
  2 boulder beetles (D)
  A two-headed ogre (D)
  A skyshark (D)
  An orc knight (D)
  A manticore (D)
  A black mamba (D)
  2 gargoyles (D)
  6 cane toads (D)
  An unseen horror (D)
  A komodo dragon (D)
  A rime drake (D)
  5 polar bears (D)
  A blink frog (D)
  A wraith (D)
  2 wyverns (D)
  A yak (D)
  Grum (D)
  An acid dragon (D)
  2 water moccasins (D)
  5 orc warriors (D)
  4 black bears (D)
  A centaur (D)
  3 wolves (D)
  A kobold brigand (D)
  A wight (D)
  A howler monkey (D)
  A hound (D)
  6 orc wizards (D)
  A hell rat (D)
  A dart slug (D)
  9 orcs (D)
  An endoplasm (D)
  A jackal (D)
  A kobold (D)
  2 quokkas (D)
72 creatures vanquished.

Notes
Turn   | Place    | Note
-------+----------+-------------------------------------------
     0 | D        | Heoruswealwe the Minotaur Fighter began the quest for the
                  | Orb.
     0 | D        | Reached XP level 1. HP: 19/19 MP: 0/0
     6 | D        | Reached skill level 3 in Polearms
    11 | D        | Reached skill level 4 in Polearms
    13 | D        | Reached XP level 2. HP: 28/28 MP: 1/1
    18 | D        | Noticed a water moccasin
    27 | D        | Killed a water moccasin
    28 | D        | Reached skill level 8 in Polearms
    28 | D        | Reached XP level 3. HP: 19/38 MP: 2/2
    28 | D        | Reached XP level 4. HP: 22/45 MP: 3/3
    30 | D        | Reached XP level 5. HP: 23/52 MP: 4/4
    36 | D        | Found a snail-covered altar of Cheibriados.
    36 | D        | Found a shadowy altar of Dithmenos.
    36 | D        | Found a white marble altar of Elyvilon.
    36 | D        | Found a blossoming altar of Fedhas.
    36 | D        | Found an opulent altar of Gozag.
    37 | D        | Found a hazy altar of Hepliaklqana.
    38 | D        | Found a viscous altar of Jiyva.
    39 | D        | Found an ancient bone altar of Kikubaaqudgha.
    40 | D        | Found a corrupted altar of Lugonu.
    41 | D        | Found a burning altar of Makhleb.
    42 | D        | Found a sparkling altar of Nemelex Xobeh.
    43 | D        | Found an iron altar of Okawaru.
    44 | D        | Became a worshipper of Gozag Ym Sagoz the Greedy
    45 | D        | Found a stormy altar of Qazlal.
    46 | D        | Found a sacrificial altar of Ru.
    47 | D        | Found a shimmering blue altar of Sif Muna.
    48 | D        | Found a bloodstained altar of Trog.
    49 | D        | Found a hide-covered altar of Uskayaw.
    50 | D        | Found a radiant altar of Vehumet.
    51 | D        | Found an ornate altar of the Wu Jian Council.
    52 | D        | Found a shimmering altar of Xom.
    53 | D        | Found a basalt altar of Yredelemnul.
    54 | D        | Found a glowing silver altar of Zin.
    55 | D        | Found a glowing golden altar of the Shining One.
   154 | D        | Noticed an acid dragon
   154 | D        | Noticed a centaur
   154 | D        | Noticed a two-headed ogre
   164 | D        | Reached skill level 10 in Polearms
   164 | D        | HP: 2/53 [two-headed ogre/+0 giant club (20)]
   169 | D        | Killed a two-headed ogre
   170 | D        | Reached skill level 10 in Fighting
   170 | D        | Reached skill level 14 in Polearms
   170 | D        | Reached skill level 10 in Armour
   170 | D        | Reached XP level 6. HP: 37/67 MP: 5/5
   170 | D        | Reached XP level 7. HP: 40/73 MP: 6/6
   184 | D        | Reached XP level 8. HP: 38/82 MP: 7/7
   316 | D        | Noticed a manticore
   316 | D        | Noticed a gargoyle
   316 | D        | Noticed a boulder beetle
   316 | D        | Noticed a gargoyle
   328 | D        | Killed a gargoyle
   329 | D        | Reached skill level 15 in Polearms
   332 | D        | Killed an unseen horror
   333 | D        | Reached skill level 16 in Polearms
   347 | D        | Killed a boulder beetle
   348 | D        | Reached skill level 17 in Polearms
   348 | D        | Reached XP level 9. HP: 24/93 MP: 8/8
   356 | D        | Killed a gargoyle
   357 | D        | Reached skill level 18 in Polearms
   358 | D        | Killed a manticore
   679 | D        | Noticed a rime drake
   679 | D        | Noticed a cane toad
   679 | D        | Noticed a boulder beetle
   683 | D        | Noticed a cane toad
   687 | D        | Killed a boulder beetle
   688 | D        | Reached skill level 19 in Polearms
   694 | D        | Killed a cane toad
   698 | D        | Reached XP level 10. HP: 72/104 MP: 9/9
   700 | D        | Noticed a cane toad
   715 | D        | Killed a cane toad
   716 | D        | Reached skill level 20 in Polearms
   723 | D        | Killed a cane toad
   724 | D        | Reached skill level 15 in Fighting
   724 | D        | Reached skill level 15 in Armour
   970 | D        | Noticed a cane toad
   970 | D        | Noticed a black mamba
   974 | D        | Noticed a cane toad
   976 | D        | Killed a black mamba
   979 | D        | Killed a cane toad
   981 | D        | Noticed a cane toad
   985 | D        | Noticed a skyshark
   986 | D        | Reached skill level 21 in Polearms
  1001 | D        | Killed a cane toad
  1005 | D        | Killed a cane toad
  1009 | D        | Killed a skyshark
  1251 | D        | Reached XP level 11. HP: 88/114 MP: 10/10
  1255 | D        | Reached skill level 22 in Polearms
  1542 | D        | Noticed Erolcha
  1543 | D        | Noticed Grum
  1551 | D        | Killed Erolcha
  1554 | D        | Killed Grum
  1775 | D        | Noticed an orc knight
  1782 | D        | Noticed an orc knight
  1784 | D        | Killed an orc knight
  1785 | D        | Reached skill level 23 in Polearms
  1804 | D        | Slain by an orc knight

Illustrated notes

Levels and vault maps discovered:
D:        linesprint [early_d, line_temple, items_1, d_10, items_2, lair_1,
          lair_end, items_3, orc_1, orc_end, items_4, d_15, swamp_1, shoals_1,
          snake_1, spider_1, d_20, vaults_1, items_5, swamp_end, shoals_end,
          snake_end, spider_end, vaults_end, d_27, items_6, zot_1, zot_end,
          crypt_end, forest_end, elf_end, slime_end, tomb_end, abyss_end,
          pan_hell_end]

Skill      XL: |  1  2  3  4  5  6  7  8  9 10 11 |
---------------+----------------------------------+-----
Polearms       | 4 8 14 17 19 21 23 | 23.2
Fighting       | 4 6 7 10 11 13 14 16 17 | 17.3
Armour         | 4 6 7 10 11 13 14 16 17 | 17.3
Shields        | |  3.6

Action                     |  1- 3 |  4- 6 |  7- 9 | 10-12 || total
---------------------------+-------+-------+-------+-------++-------
  Melee: Trident           |    16 |     2 |       |       ||    18
         Headbutt          |     3 |     2 |    15 |    21 ||    41
         Halberd           |       |    13 |    69 |   159 ||   241
    Use: Potion            |       |     2 |     5 |     1 ||     8
         Scroll            |       |       |     1 |       ||     1
   Stab: Distracted        |       |       |       |     1 ||     1
 Armour: Scale mail        |     3 |       |       |       ||     3
         Chain mail        |       |     6 |    24 |    41 ||    71
  Dodge: Dodged            |     4 |     6 |    13 |    37 ||    60
